 Dungeon Crawl Stone Soup version 0.20-a0-923-g548304e (webtiles) character file.

270 FastMan the Shield-Bearer (level 6, -1/47 HPs)
             Began as a Formicid Fighter on Mar 26, 2017.
             Slain by Crazy Yiuf
             ... wielding a +4 quarterstaff of chaos
              (10 damage)
             ... on level 3 of the Dungeon.
             The game lasted 00:02:00 (2724 turns).

FastMan the Shield-Bearer (Formicid Fighter)        Turns: 2724, Time: 00:02:00

Health: -1/47      AC:  9    Str: 21    XL:     6   Next: 46%
Magic:  0/6        EV:  8    Int:  7    God:
Gold:   161        SH: 10    Dex: 12    Spells: 5/5 levels left

rFire    + . .     SeeInvis +   a - +0 war axe
rCold    . . .     Gourm    .   c - +0 shield
rNeg     . . .     Faith    .   r - +0 scale mail (curse)
rPois    .         Spirit   .   (helmet unavailable)
rElec    .         Reflect  .   g - +0 cloak
rCorr    +         Harm     .   t - +0 pair of gloves
MR       .....                  (no boots)
Stlth    ..........             (no amulet)
Regen    0.2/turn               s - ring of protection from fire
MPRegen  0.1/turn               o - ring of resist corrosion (curse)

@: lethally poisoned (-1 -> -4), drained
A: permanent stasis, dig shafts and tunnels, four strong arms, antennae 3
a: Dig, Shaft Self


You were on level 3 of the Dungeon.
You were very hungry.

You visited 1 branch of the dungeon, and saw 3 of its levels.

You collected 161 gold pieces.

Inventory:

Hand Weapons
 a - a +0 war axe (weapon)
Armour
 b - a +0 scale mail
 c - a +0 shield (worn)
 g - a +0 cloak (worn)
 p - a +0 chain mail
 r - a cursed +0 scale mail (worn)
 t - a +0 pair of gloves (worn)
Jewellery
 o - a cursed ring of resist corrosion (right hand)
 s - a ring of protection from fire (left hand)
Scrolls
 e - 4 scrolls of remove curse {unknown}
 h - 2 scrolls of identify {unknown}
 k - 2 scrolls of blinking {unknown}
 u - a scroll of fear {unknown}
Potions
 d - a potion of might {@q4}
 j - 3 potions of curing {unknown}
 n - 3 potions of haste {unknown}
 q - a potion of mutation {unknown}
Comestibles
 f - 2 bread rations {@e1}
 i - a royal jelly {@e3}
 l - 2 meat rations {@e2}
 m - 4 fruits {@e4}


   Skills:
 - Level 3.2(3.0) Fighting
 * Level 5.1(4.8) Axes
 - Level 3.2(3.0) Armour
 + Level 5.7(5.4) Shields


You had 5 spell levels left.
You didn't know any spells.

Dungeon Overview and Level Annotations

Branches:
Dungeon (3/15)

Altars:
Kikubaaqudgha
Qazlal
Vehumet
Yredelemnul
Zin

Annotations:
D:3 Crazy Yiuf


Innate Abilities, Weirdness & Mutations

You cannot be hasted, slowed, berserked, paralysed or teleported.
You can dig through walls and to a lower floor.
Your four strong arms can wield two-handed weapons with a shield.
You have a pair of large antennae on your head. (SInv)


Message History

Crazy Yiuf is severely wounded.
You feel sick. You block Crazy Yiuf's attack.
You closely miss Crazy Yiuf.
Crazy Yiuf is severely wounded.
You feel sick. You block Crazy Yiuf's attack. x2
You hit Crazy Yiuf.
Crazy Yiuf is severely wounded.
Crazy Yiuf cries, "Proton!
Announcement song sallow."
Crazy Yiuf hits you but does no damage.
You hit Crazy Yiuf but do no damage.
Crazy Yiuf is severely wounded.
You feel sick.
Crazy Yiuf hits you with a quarterstaff of chaos.
* * * LOW HITPOINT WARNING * * *
You feel drained.
You completely miss Crazy Yiuf.
Crazy Yiuf is severely wounded.
You feel sick.
Crazy Yiuf hits you with a quarterstaff of chaos!
You die...

.#.#########..#
#.#
..........###.#
#.#
##.........####
###
.###...##.##
...##..##.#
#####
##..#..##.#
#..)#
.##.##.##.#
#...#
..#..#)##.#
#.g.#
..#..#.##.##
#@#
.....#)#)#.#
♣♣.♣ #####
.÷÷..#..####
♣.♣♣ #<..#
....##.#.#.#
♣♣.♣ ###.#
##..#..##.##
♣.♣♣ #.#
...##.###.#
♣♣.♣♣ #.#
.###..# #.#
♣.P.♣♣ #.#
##...####.#
♣P.P.♣ #.#
..........#
#....# #.#


You could see Crazy Yiuf.

Vanquished Creatures
  3 orc wizards (D:3)
  Ijyb (D:3)
  4 adders (D:3)
  3 oozes
  4 worms
  3 dart slugs
  2 leopard geckos (D:2)
  10 orcs (D:3)
  2 ball pythons
  7 bats
  5 giant cockroaches (D:3)
  7 goblins
  14 hobgoblins
  5 jackals
  4 kobolds
  3 quokkas
  6 frilled lizards
  3 rats
86 creatures vanquished.

Notes
Turn   | Place    | Note
-------+----------+-------------------------------------------
     0 | D:1      | FastMan the Formicid Fighter began the quest for the Orb.
     0 | D:1      | Reached XP level 1. HP: 18/18 MP: 1/1
    29 | D:1      | Reached XP level 2. HP: 18/24 MP: 2/2
   207 | D:1      | Reached XP level 3. HP: 29/29 MP: 3/3
   633 | D:2      | Reached XP level 4. HP: 33/35 MP: 4/4
   635 | D:2      | Found a basalt altar of Yredelemnul.
   635 | D:2      | Found a glowing silver altar of Zin.
   649 | D:2      | Found a stormy altar of Qazlal.
   657 | D:2      | Found an ancient bone altar of Kikubaaqudgha.
   883 | D:2      | Found a radiant altar of Vehumet.
  1880 | D:3      | Reached skill level 5 in Shields
  1894 | D:3      | Reached XP level 5. HP: 41/41 MP: 5/5
  1942 | D:3      | Noticed Ijyb
  1961 | D:3      | Killed Ijyb
  2017 | D:3      | Reached XP level 6. HP: 30/47 MP: 6/6
  2023 | D:3      | Reached skill level 5 in Axes
  2480 | D:3      | Found a runed door.
  2709 | D:3      | Noticed Crazy Yiuf
  2724 | D:3      | Slain by Crazy Yiuf

Vault maps used:
D:1:      saegor_arrival_simple_e, kennysheep_another_room
D:2:      old_standard_altar, grunt_temple_overflow_cloverleaf
D:3:      minmay_randomly_rotated_circles, uniq_crazy_yiuf_cottage, uniq_iyjb

Skill      XL: |  1  2  3  4  5  6 |
---------------+-------------------+-----
Shields        | 4 5 |  5.7
Axes           | 3 4 5 |  5.1
Fighting       | |  3.2
Armour         | |  3.2

Action                   |  1- 3 |  4- 6 || total
-------------------------+-------+-------++-------
Melee: War axe           |    93 |   219 ||   312
  Eat: Chunk             |       |     5 ||     5
Armor: Scale mail        |    31 |    82 ||   113
       Chain mail        |       |    11 ||    11
Dodge: Dodged            |    27 |    74 ||   101
Block: Shield            |    60 |   110 ||   170
